 Dungeon Crawl Stone Soup version 0.23.1 (webtiles) character file.

Game seed: 12872680860278123556

13178 Chiseanne the Archer (level 12, -10/93 HPs)
             Began as a Gnoll Wanderer on Mar 8, 2019.
             Mangled by a 12-headed hydra (11 damage)
             ... on level 11 of the Dungeon.
             The game lasted 00:38:34 (12649 turns).

Chiseanne the Archer (Gnoll Wanderer)              Turns: 12649, Time: 00:38:35

Health: -10/93     AC: 24    Str: 27    XL:     12   Next: 3%
Magic:  22/22      EV: 21    Int: 15    God:
Gold:   713        SH:  0    Dex: 23    Spells: 24/24 levels left

rFire    + . .     SeeInvis +   a - +5 halberd (protect)
rCold    . . .     Gourm    .   (shield currently unavailable)
rNeg     + . .     Faith    .   A - +5 scale mail of the Dragon {*Slow rElec rN+ Str+6}
rPois    .         Spirit   .   (no helmet)
rElec    +         Reflect  .   u - +0 cloak
rCorr    .         Harm     .   y - +0 pair of gloves
MR       .....                  E - +0 pair of boots
Stlth    ++++......             (no amulet)
HPRegen  0.25/turn              n - ring of protection from fire
MPRegen  0.18/turn              G - ring of see invisible

@: mighty, agile, protection aura, hasted, very quick
A: distributed training, fangs 1, strong nose
a: no special abilities


You were on level 11 of the Dungeon.
You were not hungry.

You visited 1 branch of the dungeon, and saw 11 of its levels.
You also visited: Bailey.

You collected 713 gold pieces.

Inventory:

Hand Weapons
 a - a +5 halberd of protection (weapon)
 q - a +0 shortbow
 s - a +2 quarterstaff of chaos
 w - a +2 blowgun
 D - a +2 hand axe of freezing
 K - a +1 war axe of electrocution
 N - the +0 spear "Kucuwusm" {holy, *Corrode +Rage rPois rC++}
   (You took it off a kobold on level 10 of the Dungeon)

   It has been blessed by the Shining One to cause great damage to the undead
   and demons.
   It greatly protects you from cold.
   It protects you from poison.
   It lets you go berserk.
   It may corrode you when you take damage.
Missiles
 d - 274 stones (quivered)
 e - 193 arrows
 j - 62 sling bullets
 o - 107 bolts
 p - 31 tomahawks
 F - 30 poisoned needles
 O - 8 steel tomahawks
Armour
 h - the +0 robe "Gitoy" {Dex+6, unknown}
   (You found it on level 11 of the Dungeon)

   It affects your dexterity (+6).
 u - a +0 cloak (worn)
 y - a +0 pair of gloves (worn)
 A - the +5 scale mail of the Dragon (worn) {*Slow rElec rN+ Str+6}
   (You found it on level 5 of the Dungeon)

   It affects your strength (+6).
   It insulates you from electricity.
   It protects you from negative energy.
   It may slow you when you take damage.
 B - +0 ice dragon scales
 E - a +0 pair of boots (worn)
 J - a +1 chain mail of magic resistance
Jewellery
 n - a ring of protection from fire (left hand)
 G - a ring of see invisible (right hand)
Scrolls
 c - 2 scrolls of remove curse
 k - 2 scrolls of amnesia
Potions
 g - a potion of mutation
 i - 2 potions of curing
 l - 3 potions of heal wounds
 m - a potion of haste
 r - a potion of flight
 v - a potion of lignification {unknown}
 x - 2 potions of berserk rage
 H - a potion of resistance {unknown}
 L - a potion of ambrosia {unknown}
Miscellaneous
 I - a phial of floods (inert)
Comestibles
 f - 19 rations


   Skills:
 + Level 8.2 Fighting
 + Level 6.7 Short Blades
 + Level 6.7 Long Blades
 + Level 7.3 Axes
 + Level 6.7 Maces & Flails
 + Level 6.7 Polearms
 + Level 6.7 Staves
 + Level 6.7 Slings
 + Level 9.4 Bows
 + Level 6.7 Crossbows
 + Level 7.3 Throwing
 + Level 8.2 Armour
 + Level 6.7 Dodging
 + Level 6.7 Stealth
 + Level 6.7 Shields
 + Level 6.7 Unarmed Combat
 + Level 6.7 Spellcasting
 + Level 5.6 Conjurations
 + Level 5.6 Hexes
 + Level 5.6 Charms
 + Level 5.6 Summonings
 + Level 5.6 Necromancy
 + Level 5.6 Translocations
 + Level 5.6 Transmutations
 + Level 5.6 Fire Magic
 + Level 5.6 Ice Magic
 + Level 5.6 Air Magic
 + Level 5.6 Earth Magic
 + Level 5.6 Poison Magic
 + Level 7.4 Invocations
 + Level 7.3 Evocations


You had 24 spell levels left.
You didn't know any spells.
Your spell library contained the following spells:

 Spells                   Type           Power        Failure   Level  Hunger
 Poisonous Vapours        Pois/Air       ###...       4%          2    None
 Conjure Flame            Conj/Fire      ###.....     9%          3    ##.....
 Mephitic Cloud           Conj/Pois/Air  ###.....     9%          3    ##.....
 Freezing Cloud           Conj/Ice/Air   ###.......   99%         6    #######
 Ring of Flames           Chrm/Fire      ###.......   100%        7    #######


Dungeon Overview and Level Annotations

Branches:
Dungeon (11/15)            Temple (0/1) D:7            Lair (0/6) D:10
    Orc (0/2) D:11

Altars:
Ashenzari
Cheibriados
Dithmenos
Hepliaklqana
Kikubaaqudgha
Nemelex Xobeh
Okawaru
Ru
Sif Muna
Trog
Xom
The Shining One
Beogh

Shops:
D:11 =[

Annotations:
D:3 exclusion: door
D:6 2 transporters, H0rd4k's ghost, novice HuAr


Innate Abilities, Weirdness & Mutations

Your experience applies equally to all skills.
You have very sharp teeth.
Your uncanny sense of smell can sniff out nearby items.


Message History

The ten-headed hydra closely misses you.
You chop one of the ten-headed hydra's heads off!
The nine-headed hydra grows two more!
You slice the 11-headed hydra!!
The 11-headed hydra is severely wounded.
The scorpion barely misses you.
You hack one of the 11-headed hydra's heads off!
The ten-headed hydra grows two more!
You hit the 12-headed hydra. You bite the 12-headed hydra!
The 12-headed hydra is severely wounded.
The 12-headed hydra bites you!
* * * LOW HITPOINT WARNING * * *
The 12-headed hydra bites you!
* * * LOW HITPOINT WARNING * * *
The 12-headed hydra closely misses you. The 12-headed hydra bites you!
* * * LOW HITPOINT WARNING * * *
The 12-headed hydra closely misses you. The 12-headed hydra bites you.
* * * LOW HITPOINT WARNING * * *
The 12-headed hydra bites you but does no damage. x2
The 12-headed hydra barely misses you. The 12-headed hydra bites you!
You die...

#..........#........
#..###'##..#........
#..#....#..#......##
#..#....#..#......#.
#..#....#..#......#.
#..#....#..#......#.
#..######..#,,,,,,#.
#..........########.
#.D@................
#.s#########+#......
#..'..D...,,,#......
*#..#O....s,,,#......
*...#......,,,#..>...
#...#,.....,,,#......
#...#*#####***#......
***#....,,,,,,,,,.......
*,,.....,************,,,


You could see a 12-headed hydra and a scorpion.

Vanquished Creatures
  Harold (D:7)
  A two-headed ogre (D:11)
  6 deep elf magi
  2 centaur skeletons
  A troll (D:10)
  A hornet (D:8)
  Prince Ribbit (D:8)
  A hippogriff (D:9)
  2 shadows
  A basilisk (D:11)
  11 yaks
  A wyvern (D:9)
  4 hogs (D:9)
  2 humans
  A fire bat (D:9)
  Grum (D:11)
  4 sky beasts
  2 ice beasts
  5 orc warriors
  A phantom (D:6)
  5 ogres
  A centaur (D:6)
  2 wolves (D:11)
  A big kobold (D:10)
  4 bullfrogs
  A wyvern zombie (D:8)
  5 scorpions
  8 killer bees
  5 wights (D:9)
  An electric eel (D:11)
  A howler monkey (D:11)
  A centaur zombie (D:5)
  2 gnoll shamans
  6 hounds
  6 orc priests
  Crazy Yiuf (D:5)
  16 orc wizards
  2 bullfrog skeletons
  3 iguanas
  7 worker ants
  A worker ant zombie (D:7)
  14 gnolls
  9 adders
  2 shadow imps
  2 oozes
  An adder zombie (D:6)
  2 worms (D:2)
  An adder skeleton (D:5)
  3 dart slugs
  6 leopard geckos
  66 orcs
  A ball python (D:3)
  6 giant cockroaches
  14 hobgoblins
  16 jackals
  14 kobolds
  2 quokkas
  6 bats
  2 frilled lizards
  10 goblins
  A leopard gecko skeleton (D:5)
  4 rats
310 creatures vanquished.

Vanquished Creatures (collateral kills)
  An orc warrior (D:11)
  An electric eel (D:11)
  A shadow imp (D:11)
  A leopard gecko (D:11)
4 creatures vanquished.

Vanquished Creatures (others)
  An electric eel (D:11)
1 creature vanquished.

Grand Total: 315 creatures vanquished

Notes
Turn   | Place    | Note
-------+----------+-------------------------------------------
     0 | D:1      | Chiseanne the Gnoll Wanderer began the quest for the Orb.
     0 | D:1      | Chiseanne set off with the following items: 2 curare-tipped
                  | needles, a +2 blowgun, a +0 ring mail, a +0 shortbow, 27
                  | arrows, a ration
     0 | D:1      | Reached XP level 1. HP: 20/20 MP: 2/2
   162 | D:1      | Reached XP level 2. HP: 21/26 MP: 3/3
   930 | D:1      | Reached XP level 3. HP: 23/31 MP: 4/4
  1333 | D:2      | Found an iron altar of Okawaru.
  1344 | D:2      | Reached skill level 1 in Invocations
  1356 | D:2      | Reached skill level 1 in Short Blades
  1356 | D:2      | Reached skill level 1 in Long Blades
  1356 | D:2      | Reached skill level 1 in Maces & Flails
  1356 | D:2      | Reached skill level 1 in Polearms
  1356 | D:2      | Reached skill level 1 in Staves
  1356 | D:2      | Reached skill level 1 in Slings
  1356 | D:2      | Reached skill level 1 in Crossbows
  1356 | D:2      | Reached skill level 1 in Dodging
  1356 | D:2      | Reached skill level 1 in Stealth
  1356 | D:2      | Reached skill level 1 in Shields
  1356 | D:2      | Reached skill level 1 in Unarmed Combat
  1356 | D:2      | Reached skill level 1 in Spellcasting
  1356 | D:2      | Reached XP level 4. HP: 12/38 MP: 4/6
  1684 | D:2      | Reached skill level 1 in Conjurations
  1684 | D:2      | Reached skill level 1 in Hexes
  1684 | D:2      | Reached skill level 1 in Charms
  1684 | D:2      | Reached skill level 1 in Summonings
  1684 | D:2      | Reached skill level 1 in Necromancy
  1684 | D:2      | Reached skill level 1 in Translocations
  1684 | D:2      | Reached skill level 1 in Transmutations
  1684 | D:2      | Reached skill level 1 in Fire Magic
  1684 | D:2      | Reached skill level 1 in Ice Magic
  1684 | D:2      | Reached skill level 1 in Air Magic
  1684 | D:2      | Reached skill level 1 in Earth Magic
  1684 | D:2      | Reached skill level 1 in Poison Magic
  1778 | D:2      | Reached XP level 5. HP: 23/43 MP: 7/7
  2244 | D:3      | Found a sacrificial altar of Ru.
  2264 | D:3      | Found a snail-covered altar of Cheibriados.
  2346 | D:3      | Found a shattered altar of Ashenzari.
  2425 | D:3      | P0WERM0DE: https://www.youtube.com/watch?v=TXgpwKfmsGg
  2431 | D:3      | P0WERM0DE: 8)
  2431 | D:3      | Reached XP level 6. HP: 20/50 MP: 8/8
  2697 | D:3      | Chiseanne: hey hey..how are you ? long time no see
  2697 | D:3      | Chiseanne: scooter :D
  2697 | D:3      | P0WERM0DE: im cool
  2697 | D:3      | P0WERM0DE: chekk my op videos :P
  2697 | D:3      | P0WERM0DE: https://www.youtube.com/watch?v=wV2Dl5OMoJM
  2697 | D:3      | Chiseanne: btw..I totally didnt realize that you made the
                  | 2nd in the last turnament
  2697 | D:3      | Chiseanne: so : Congratulations ..late but hey! I try ;-)
                  | good job on that one
  2697 | D:3      | P0WERM0DE: ehh ?
  2697 | D:3      | P0WERM0DE: i only made some speedruns
  2697 | D:3      | P0WERM0DE: all fastest realtime and 2nd place on low TC 3
                  | and 15 rune
  2697 | D:3      | Chiseanne: wait what? hmm lemme check again
  2697 | D:3      | P0WERM0DE: but overall just like 40th
  2697 | D:3      | P0WERM0DE: didnt play so much
  2697 | D:3      | Chiseanne: oh ok..lol
  2697 | D:3      | Chiseanne: hmm nvm..but hey I think you are great anyway
                  | hehe
  2697 | D:3      | Chiseanne: Path of exiles new league starting today
  2697 | D:3      | Chiseanne: are you in ?
  2722 | D:3      | Reached skill level 5 in Fighting
  2722 | D:3      | Reached skill level 5 in Armour
  2723 | D:3      | P0WERM0DE: mh interesting didnt know
  2724 | D:3      | Chiseanne: if you want we can start together maybe ?
  2755 | D:3      | Chiseanne: ok I subscribed to your channel..will watch iot
                  | later...@work atm
  2755 | D:3      | P0WERM0DE: mhh it takes loads of time
  2755 | D:3      | P0WERM0DE: i will be away on sunday like 11 early
  2755 | D:3      | P0WERM0DE: nah sry
  2755 | D:3      | P0WERM0DE: be away a week so not really starting now
  2755 | D:3      | P0WERM0DE: maybe later
  2755 | D:3      | Chiseanne: alright
  2755 | D:3      | P0WERM0DE: did play it in beta and have a beta acc
  2755 | D:3      | P0WERM0DE: aka not linked to steam
  2755 | D:3      | Chiseanne: if you change your mind at some point let me
                  | know..I may chip in some starting gear
  2755 | D:3      | Chiseanne: same here..I hate steam
  2755 | D:3      | Chiseanne: Path of exile has become so much better over the
                  | years
  3035 | D:3      | Found a deep blue altar of Sif Muna.
  3407 | D:4      | Reached XP level 7. HP: 56/56 MP: 10/10
  3632 | D:4      | Reached skill level 7 in Bows
  3856 | D:5      | Entered Level 5 of the Dungeon
  4188 | D:5      | P0WERM0DE: yea i heard its ok but yea deep and grindy too
  4188 | D:5      | Chiseanne: thats right
  4226 | D:5      | Found a shadowy altar of Dithmenos.
  4227 | D:5      | Chiseanne: aaaaand this ...isnt ?
  4254 | D:5      | P0WERM0DE: ye
  4257 | D:5      | P0WERM0DE: i liked poe sure
  4257 | D:5      | P0WERM0DE:
                  | https://www.youtube.com/watch?v=Mz0F33AaXso&list=PL9SuyWTqr
                  | 13WWypZqchZCDELx0vG9Txoy
  4257 | D:5      | P0WERM0DE: here 2 turncount games too
  4257 | D:5      | P0WERM0DE: 62mio GnWn-chei and 45mio vpck-chei
  4257 | D:5      | P0WERM0DE: https://www.youtube.com/watch?v=XpIvxJF0nWg
  4257 | D:5      | Chiseanne: nice profile picture..your gf ?
  4257 | D:5      | Chiseanne: nowait..is that you ?
  4641 | D:5      | Got a smoking scale mail
  4649 | D:5      | P0WERM0DE: nah thats a picture of me with some bot filters
                  | .. wearing a red turban now looks like hair etc
  4649 | D:5      | P0WERM0DE: wearing sunglasses originally too
  4649 | D:5      | P0WERM0DE: and beard a bit ha
  4649 | D:5      | Chiseanne: lol good one
  4655 | D:5      | Identified the +5 scale mail of the Dragon {*Slow rElec rN+
                  | Str+6} (You found it on level 5 of the Dungeon)
  4696 | D:5      | Found an ancient bone altar of Kikubaaqudgha.
  5063 | D:5      | Reached XP level 8. HP: 52/63 MP: 12/12
  5128 | D:5      | Found a runed translucent door.
  5129 | D:5      | Noticed Crazy Yiuf
  5143 | D:5      | Killed Crazy Yiuf
  5258 | D:6      | Found a transporter.
  5262 | D:6      | Found a transporter.
  5262 | D:6      | Noticed H0rd4k's ghost (novice HuAr)
  5479 | D:6      | Found a shimmering altar of Xom.
  5480 | D:6      | Found a hazy altar of Hepliaklqana.
  5481 | D:6      | Noticed a spectral ugly thing
  5504 | D:6      | Found a snail-covered altar of Cheibriados.
  5855 | D:6      | Found a bloodstained altar of Trog.
  5895 | D:6      | Found a glowing golden altar of the Shining One.
  6719 | D:7      | Reached XP level 9. HP: 68/69 MP: 14/14
  6871 | D:7      | Found a staircase to the Ecumenical Temple.
  6907 | D:7      | Noticed Harold
  6931 | D:7      | Killed Harold
  6931 | D:7      | Reached skill level 5 in Axes
  6931 | D:7      | Reached skill level 5 in Throwing
  6931 | D:7      | Reached skill level 5 in Evocations
  7223 | D:7      | Reached skill level 8 in Bows
  7470 | D:8      | Reached skill level 5 in Invocations
  7538 | D:8      | Noticed Prince Ribbit
  7560 | D:8      | Killed Prince Ribbit
  7622 | D:8      | Reached XP level 10. HP: 63/77 MP: 17/17
  7688 | D:8      | Found a roughly hewn altar of Beogh.
  8305 | D:8      | Reached skill level 5 in Short Blades
  8305 | D:8      | Reached skill level 5 in Long Blades
  8305 | D:8      | Reached skill level 5 in Maces & Flails
  8305 | D:8      | Reached skill level 5 in Polearms
  8305 | D:8      | Reached skill level 5 in Staves
  8305 | D:8      | Reached skill level 5 in Slings
  8305 | D:8      | Reached skill level 5 in Crossbows
  8305 | D:8      | Reached skill level 5 in Dodging
  8305 | D:8      | Reached skill level 5 in Stealth
  8305 | D:8      | Reached skill level 5 in Shields
  8305 | D:8      | Reached skill level 5 in Unarmed Combat
  8305 | D:8      | Reached skill level 5 in Spellcasting
  9763 | D:9      | Found a sparkling altar of Nemelex Xobeh.
 10396 | D:10     | Entered Level 10 of the Dungeon
 10396 | D:10     | Found a staircase to the Lair.
 10524 | D:10     | Identified the +0 spear "Kucuwusm" {holy, *Corrode +Rage
                  | rPois rC++}
 10528 | D:10     | Reached XP level 11. HP: 62/84 MP: 19/19
 10536 | D:10     | Found a flagged portal.
 10551 | Bailey   | Entered a bailey
 10631 | Bailey   | Noticed a deep elf mage
 10643 | Bailey   | Killed a deep elf mage
 10746 | Bailey   | Noticed a deep elf mage
 10750 | Bailey   | Noticed a deep elf mage
 10754 | Bailey   | Noticed a deep elf mage
 10755 | Bailey   | Noticed a soul eater
 10757 | Bailey   | Noticed a deep elf mage
 10758 | Bailey   | Noticed a deep elf mage
 10760 | Bailey   | Killed a deep elf mage
 10761 | Bailey   | Killed a deep elf mage
 10761 | Bailey   | Reached skill level 9 in Bows
 10765 | Bailey   | Noticed a deep elf mage
 10771 | Bailey   | Killed a deep elf mage
 10771 | Bailey   | Reached skill level 5 in Conjurations
 10771 | Bailey   | Reached skill level 5 in Hexes
 10771 | Bailey   | Reached skill level 5 in Charms
 10771 | Bailey   | Reached skill level 5 in Summonings
 10771 | Bailey   | Reached skill level 5 in Necromancy
 10771 | Bailey   | Reached skill level 5 in Translocations
 10771 | Bailey   | Reached skill level 5 in Transmutations
 10771 | Bailey   | Reached skill level 5 in Fire Magic
 10771 | Bailey   | Reached skill level 5 in Ice Magic
 10771 | Bailey   | Reached skill level 5 in Air Magic
 10771 | Bailey   | Reached skill level 5 in Earth Magic
 10771 | Bailey   | Reached skill level 5 in Poison Magic
 10773 | Bailey   | Killed a deep elf mage
 10805 | D:10     | Killed a deep elf mage
 11603 | D:11     | Found Isohiss's Antique Armour Shop.
 11603 | D:11     | Noticed Maurice
 11604 | D:11     | Noticed Maurice
 11604 | D:11     | Maurice changed into Maurice the basilisk
 11617 | D:11     | Killed Maurice the basilisk
 11747 | D:11     | Found a flickering gateway to a bazaar.
 11762 | D:11     | Got a thick robe
 12026 | D:11     | Found Omomiv's Jewellery Boutique.
 12038 | D:11     | Noticed Grum
 12046 | D:11     | Killed Grum
 12345 | D:11     | Found a staircase to the Orcish Mines.
 12633 | D:11     | Noticed a two-headed ogre
 12633 | D:11     | Noticed an eight-headed hydra
 12644 | D:11     | Killed a two-headed ogre
 12644 | D:11     | Reached XP level 12. HP: 83/93 MP: 22/22
 12649 | D:11     | HP: 1/93 [12-headed hydra (5)]
 12649 | D:11     | Mangled by a 12-headed hydra

Skill      XL: |  1  2  3  4  5  6  7  8  9 10 11 |
---------------+----------------------------------+-----
Invocations    | 1 2 3 4 5 6 7 |  7.4
Short Blades   | 1 2 3 4 5 6 |  6.7
Long Blades    | 1 2 3 4 5 6 |  6.7
Maces & Flails | 1 2 3 4 5 6 |  6.7
Polearms       | 1 2 3 4 5 6 |  6.7
Staves         | 1 2 3 4 5 6 |  6.7
Slings         | 1 2 3 4 5 6 |  6.7
Crossbows      | 1 2 3 4 5 6 |  6.7
Dodging        | 1 2 3 4 5 6 |  6.7
Stealth        | 1 2 3 4 5 6 |  6.7
Shields        | 1 2 3 4 5 6 |  6.7
Unarmed Combat | 1 2 3 4 5 6 |  6.7
Spellcasting   | 1 2 3 4 5 6 |  6.7
Conjurations   | 1 2 3 4 5 |  5.6
Hexes          | 1 2 3 4 5 |  5.6
Charms         | 1 2 3 4 5 |  5.6
Summonings     | 1 2 3 4 5 |  5.6
Necromancy     | 1 2 3 4 5 |  5.6
Translocations | 1 2 3 4 5 |  5.6
Transmutations | 1 2 3 4 5 |  5.6
Fire Magic     | 1 2 3 4 5 |  5.6
Ice Magic      | 1 2 3 4 5 |  5.6
Air Magic      | 1 2 3 4 5 |  5.6
Earth Magic    | 1 2 3 4 5 |  5.6
Poison Magic   | 1 2 3 4 5 |  5.6
Axes           | 3 4 5 6 7 |  7.3
Throwing       | 3 4 5 6 7 |  7.3
Evocations     | 3 4 5 6 7 |  7.3
Fighting       | 5 6 7 8 |  8.2
Armour         | 5 6 7 8 |  8.2
Bows           | 7 8 9 |  9.4

Action                   |  1- 3 |  4- 6 |  7- 9 | 10-12 || total
-------------------------+-------+-------+-------+-------++-------
Melee: Spear             |    65 |    10 |       |       ||    75
       Bite              |    10 |    27 |    38 |    77 ||   152
       Hand axe          |    60 |   163 |       |       ||   223
       Punch             |       |     2 |       |       ||     2
       War axe           |       |    24 |   289 |       ||   313
       Halberd           |       |       |    47 |   526 ||   573
 Fire: Shortbow          |       |    21 |    14 |    33 ||    68
       Blowgun           |       |     3 |     2 |    11 ||    16
Evoke: Wand              |       |       |    14 |    20 ||    34
       Phial of floods   |       |       |       |     1 ||     1
  Use: Potion            |       |     4 |       |    11 ||    15
       Scroll            |       |     3 |    11 |     9 ||    23
 Stab: Sleeping          |     1 |     1 |     3 |       ||     5
       Distracted        |       |       |       |     1 ||     1
  Eat: Chunk             |     1 |     7 |    14 |    17 ||    39
Armor: Ring mail         |    58 |   121 |       |       ||   179
       Scale mail        |       |     7 |   207 |   409 ||   623
Dodge: Dodged            |    68 |   182 |   244 |   616 ||  1110
